 Dungeon Crawl Stone Soup version 0.29.0-11-gd7f09526c8 (webtiles) character file.

Game seed: 12309755291206421352

4428 DocSulfur the Covered (level 10, -6/92 HPs)
             Began as an Ogre Enchanter on Sept 5, 2022.
             Was a Follower of Kikubaaqudgha.
             Shot with an arrow by a centaur (8 damage)
             ... on level 9 of the Dungeon.
             The game lasted 00:46:27 (10246 turns).

DocSulfur the Covered (Ogre Enchanter)             Turns: 10246, Time: 00:46:27

Health: -6/92      AC: 14    Str: 13 (14) XL:     10   Next: 36%
Magic:  29/29      EV:  6    Int: 16 (18) God:    Kikubaaqudgha [*.....]
Gold:   622        SH:  5    Dex:  7 (9)  Spells: 20/22 levels left

rFire   + + .      SeeInvis .   d - +4 trident "Guohev" {vorpal, rPois rN+++ Int-2}
rCold   . . .      Faith    .   (no shield)
rNeg    + + +      Spirit   .   D - +0 fire dragon scales
rPois   +          Reflect  +   (helmet restricted)
rElec   .          Harm     .   I - +2 cloak
rCorr   .          Rampage  .   (gloves unavailable)
Will    +....                   (boots unavailable)
Stlth   ..........              M - amulet of reflection
HPRegen 0.25/turn               t - ring of magical power
MPRegen 0.21/turn               y - ring of protection from cold

@: silenced (expiring)
A: large, unfitting armour, tough skin 1
a: Renounce Religion


You were on level 9 of the Dungeon.
You worshipped Kikubaaqudgha.
Kikubaaqudgha was aware of your devotion.
You visited 2 branches of the dungeon, and saw 10 of its levels.

You collected 622 gold pieces.

Inventory:

Hand Weapons
 a - a +1 dagger
 d - the +4 trident "Guohev" (weapon) {vorpal, rPois rN+++ Int-2}
   (You found it on level 2 of the Dungeon)

   It inflicts extra damage upon your enemies.
   Int:       It affects your intelligence (-2).
   rPois:     It protects you from poison.
   rN:        It renders you almost immune to negative energy.
 o - a +0 sling
 E - a +0 giant spiked club
Missiles
 N - 2 boomerangs (quivered)
 P - 6 poisoned darts
 R - 2 javelins
Armour
 b - a +1 robe
 D - +0 fire dragon scales (worn)
 I - a +2 cloak (worn)
Magical Staves
 B - a staff of poison
Jewellery
 t - a ring of magical power (left hand)
 w - an amulet of magic regeneration
 y - a ring of protection from cold (right hand)
 z - a ring of magical power
 M - an amulet of reflection (around neck)
 O - a ring of ice
Wands
 c - a wand of polymorph (16)
 u - a wand of paralysis (8)
 x - a wand of digging (11)
 K - a wand of flame (17)
 L - a wand of mindburst (6)
Scrolls
 f - 3 scrolls of noise
 g - a scroll of poison
 h - 6 scrolls of enchant armour
 j - 3 scrolls of magic mapping
 v - 3 scrolls of immolation
Potions
 i - 2 potions of flight
 n - 2 potions of resistance
 p - 3 potions of attraction
 q - a potion of brilliance
 s - a potion of lignification
 A - 3 potions of degeneration
 G - a potion of ambrosia


   Skills:
 - Level 4.0 Fighting
 - Level 0.8 Short Blades
 - Level 4.0 Polearms
 - Level 2.0 Throwing
 + Level 7.0 Armour
 - Level 1.7 Dodging
 - Level 2.1 Stealth
 - Level 6.7 Spellcasting
 - Level 3.2 Hexes
 + Level 6.1 Necromancy
 - Level 2.0 Translocations
 - Level 4.2 Ice Magic


You had 20 spell levels left.
You knew the following spells:

 Your Spells              Type           Power      Damage    Failure   Level
a - Blink                 Tloc           22%        N/A       41%         2

Your spell library contained the following spells:

 Spells                   Type           Power      Damage    Failure   Level
 Necrotise                Necr           100%       1d9       5%          1
 Sublimation of Blood     Necr           25%        N/A       8%          2
 Freeze                   Ice            76%        1d9       12%         1
 Vampiric Draining        Necr           25%        2d7       16%         3
 Ensorcelled Hibernation  Hex/Ice        34%        N/A       22%         2
 Frozen Ramparts          Ice            38%        1d6       34%         3
 Confusing Touch          Hex            15%        N/A       47%         3
 Tukima's Dance           Hex            15%        N/A       47%         3
 Beastly Appendage        Tmut           10%        N/A       54%         1
 Magic Dart               Conj           20%        1d4       54%         1
 Summon Small Mammal      Summ           20%        N/A       54%         1
 Anguish                  Hex/Necr       10%        N/A       67%         4
 Searing Ray              Conj           10%        2d4       69%         2
 Wereblood                Tmut           5%         N/A       69%         2
 Dazzling Flash           Conj/Hex       20%        N/A       71%         3
 Summon Guardian Golem    Hex/Summ       10%        N/A       71%         3
 Cause Fear               Hex            7%         N/A       87%         4
 Call Canine Familiar     Summ           5%         N/A       89%         3
 Spider Form              Tmut/Pois      5%         N/A       89%         3
 Hailstorm                Conj/Ice       12%        3d5       95%         4
 Passage of Golubria      Tloc           11%        N/A       96%         4
 Fulminant Prism          Conj/Hex       5%         3d7       98%         4
 Manifold Assault         Tloc           11%        N/A       100%        5
 Silence                  Hex/Air        5%         N/A       100%        5
 Dragon Form              Tmut           2%         N/A       100%        7
 Storm Form               Tmut/Air       2%         N/A       100%        7
 Lehudib's Crystal Spear  Conj/Erth      2%         10d2      100%        8
 Dragon's Call            Summ           2%         N/A       100%        9


Dungeon Overview and Level Annotations

Branches:
Dungeon (9/15)             Temple (1/1) D:7
   Lair: D:8-11         Orc: D:9-12

Altars:
Cheibriados
Dithmenos
Elyvilon
Fedhas
Hepliaklqana
Kikubaaqudgha
Makhleb
Nemelex Xobeh
Okawaru
Qazlal
Ru
Sif Muna
Uskayaw
The Shining One

Annotations:
D:9 Erica


Innate Abilities, Weirdness & Mutations

You are too large for most types of armour.
You have tough skin. (AC +1)


Message History

Unknown command.
You puncture the yak!
You kill the yak!
Kikubaaqudgha accepts your kill.
An orc wizard appears from thin air!
The yak gores you but does no damage. The yak gores you!
* * * LOW HITPOINT WARNING * * *
The centaur shoots an arrow.
The arrow hits you but does no damage. The yak gores you but does no damage.
You block the yak's attack.
Your Armour skill increases to level 7!
You barely miss the yak.
The yak is lightly wounded.
You feel a little less clever now.
The orc warrior looks more healthy.
The centaur shoots an arrow.
The arrow hits you but does no damage. You block the yak's attack.
The yak gores you!
* * * LOW HITPOINT WARNING * * *
You barely miss the yak.
The centaur shoots an arrow.
The arrow hits you.
* * * LOW HITPOINT WARNING * * *
The centaur shoots an arrow.
The arrow hits you but does no damage. You block the yak's attack.
The yak gores you but does no damage.
You closely miss the kobold brigand.
You feel less wooden.
Your +2 cloak unmelds from your body.
Your +0 fire dragon scales unmelds from your body.
The yak gores you.
* * * LOW HITPOINT WARNING * * *
The yak gores you.
* * * LOW HITPOINT WARNING * * *
The kobold brigand barely misses you.
Magic scrolls do not work when you're silenced!
Okay, then.
Magic scrolls do not work when you're silenced!
Unknown command.
The kobold brigand attacks as you move away!
The kobold brigand hits you with a +0 club.
* * * LOW HITPOINT WARNING * * *
The centaur shoots an arrow.
The arrow hits you!
You die...
Kikubaaqudgha rasps: "You have failed me!
Welcome... death!"

#....#.<.........
#..##.#####....
#.....####..... ...
#....(..(...... #....
#....K#(.....#. .
###....##..##.......K.. .
###......##..#...<5..#. ..
#........##..#....(...... ..##
........##@.#..#...o.##.
....####.....o.Y..#..#.(......
......####....KYKc#..#.#5#....
......c.##....†o.##..#.#...o.#
......Y.......##.##..#.#o...o.
##.##..Y....#.##.##..#.#....#.
# #....##.#.##.##..# . .
##.####.#.##)##..### . .# #.#
#.#.##.##.... .#...


You could see 2 yaks, an orc warrior, a kobold brigand, a centaur, an orc wizard
and a kobold.

Vanquished Creatures
  Pikel (D:9)
  Psyche (D:8)
  An unseen horror (D:9)
  Grinder (D:4)
  2 yaks (D:9)
  2 water moccasins
  2 orc warriors (D:8)
  2 ice beasts
  2 black bears
  3 ogres
  A centaur (D:8)
  3 phantoms
  A kobold brigand (D:8)
  2 necrophages
  2 scorpions
  3 wights (D:8)
  5 killer bees
  8 crimson imps (D:9)
  4 hounds
  Crazy Yiuf (D:6)
  2 orc priests
  3 jellies
  A gnoll bouda (D:5)
  2 iguanas
  4 orc wizards
  A mummy (D:4)
  4 gnolls
  11 adders
  3 white imps
  3 ufetubi
  3 worms
  4 dart slugs
  22 orcs
  5 ball pythons
  4 endoplasms
  4 giant cockroaches
  5 goblins
  11 hobgoblins
  9 jackals
  11 kobolds
  6 quokkas
  7 bats
  2 frilled lizards
  8 rats
182 creatures vanquished.

Vanquished Creatures (others)
  A kobold (D:9)
1 creature vanquished.

Grand Total: 183 creatures vanquished

Notes
Turn   | Place    | Note
-------+----------+-------------------------------------------
     0 | D:1      | DocSulfur the Ogre Enchanter began the quest for the Orb.
     0 | D:1      | Reached XP level 1. HP: 16/16 MP: 3/3
   404 | D:1      | Reached XP level 2. HP: 24/24 MP: 5/5
   510 | D:2      | Identified the +4 trident "Guohev" {vorpal, rPois rN+++
                  | Int-2}
   512 | D:2      | HP: 1/24 [bat (1)]
   950 | D:1      | Learned a level 2 spell: Blink
   974 | D:1      | Reached XP level 3. HP: 26/31 MP: 7/7
  1557 | D:1      | Found a faded altar of an unknown god.
  1612 | D:2      | Reached skill level 1 in Polearms
  1670 | D:2      | Reached skill level 1 in Translocations
  1702 | D:2      | Reached XP level 4. HP: 33/39 MP: 9/9
  2848 | D:3      | Reached XP level 5. HP: 45/45 MP: 9/11
  3721 | D:4      | Found an iron altar of Okawaru.
  3831 | D:4      | Noticed Grinder
  3839 | D:4      | Killed Grinder
  3840 | D:4      | Reached skill level 5 in Spellcasting
  3840 | D:4      | Reached XP level 6. HP: 53/53 MP: 14/14
  3874 | D:4      | Found a snail-covered altar of Cheibriados.
  4266 | D:5      | Entered Level 5 of the Dungeon
  4456 | D:5      | Reached XP level 7. HP: 49/59 MP: 16/16
  4721 | D:5      | Reached skill level 1 in Throwing
  5103 | D:5      | Found a shadowy altar of Dithmenos.
  5521 | D:5      | Reached skill level 1 in Ice Magic
  5590 | D:5      | Reached skill level 1 in Armour
  5590 | D:5      | Reached XP level 8. HP: 43/67 MP: 18/18
  6152 | D:6      | Reached skill level 2 in Armour
  6191 | D:7      | Found a staircase to the Ecumenical Temple.
  6201 | Temple   | Entered the Ecumenical Temple
  6441 | Temple   | Became a worshipper of Kikubaaqudgha
  6681 | D:6      | Reached skill level 3 in Armour
  7096 | D:6      | Reached skill level 1 in Fighting
  7165 | D:6      | Found a runed translucent door.
  7166 | D:6      | Noticed Crazy Yiuf
  7174 | D:6      | Killed Crazy Yiuf
  7480 | D:7      | Reached skill level 4 in Armour
  7480 | D:7      | Reached skill level 1 in Necromancy
  7480 | D:7      | Reached XP level 9. HP: 76/81 MP: 19/19
  8560 | D:8      | Reached skill level 5 in Armour
  8563 | D:8      | Reached * piety under Kikubaaqudgha
  8563 | D:8      | Received a gift from Kikubaaqudgha
  9156 | D:8      | Found a sacrificial altar of Ru.
  9174 | D:8      | Found a glowing golden altar of the Shining One.
  9356 | D:8      | Found a sparkling altar of Nemelex Xobeh.
  9629 | D:9      | Noticed Psyche
  9630 | D:9      | Noticed Erica
  9739 | D:9      | Reached skill level 6 in Armour
  9879 | D:8      | Killed Psyche
  9880 | D:8      | Reached skill level 5 in Necromancy
  9880 | D:8      | Reached XP level 10. HP: 51/92 MP: 20/20
 10056 | D:9      | Noticed Pikel
 10104 | D:9      | Killed Pikel
 10235 | D:9      | Killed an unseen horror
 10243 | D:9      | Reached skill level 7 in Armour
 10245 | D:9      | HP: 4/92 [yak (5)]
 10246 | D:9      | HP: 1/92 [kobold brigand/+0 club (3)]
 10246 | D:9      | Shot with an arrow by a centaur

Illustrated notes

Levels and vault maps discovered:
D:1:      psy_arrival_spokes, layout_basic,
          shapermc_ecumenical_altar_mp_vishouse
D:2:      layout_basic, chequers_serial_rivers_micro_e
D:3:      layout_loops_ring
D:4:      layout_gridville, kennysheep_okawaru_gauntlet, slow_altar_2,
          uniq_grinder
D:5:      layout_loops_corners, lemuel_doored_altar
D:6:      layout_gridville, uniq_crazy_yiuf_cottage
D:7:      layout_loops_ring, minmay_temple_entry_mini_moons,
          nicolae_eternal_life
D:8:      layout_rooms, mainiacjoe_overflow_chevrons,
          mainiacjoe_overflow_divided_tiny
D:9:      minmay_four_partial_circles, layout_loops_ring,
          overflow_temple_1_default, nicolae_wu_jian_immortal_techniques,
          nicolae_two_hexagons, minmay_nine_imps, uniq_pikel, uniq_psyche,
          uniq_erica
Temple:   eino_narrow_crystal_temple

Skill      XL: |  1  2  3  4  5  6  7  8  9 10 |
---------------+-------------------------------+-----
Hexes          | 3 |  3.2
Spellcasting   | 3 4 5 6 |  6.7
Polearms       | 1 3 4 |  4.0
Translocations | 1 2 |  2.0
Throwing       | 2 |  2.0
Ice Magic      | 1 4 |  4.2
Armour         | 1 4 6 7 |  7.0
Fighting       | 3 4 |  4.0
Necromancy     | 1 5 6 |  6.1
Short Blades   | |  0.8
Dodging        | |  1.7
Stealth        | |  2.1

Action                   |  1- 3 |  4- 6 |  7- 9 | 10-12 || total
-------------------------+-------+-------+-------+-------++-------
Melee: Dagger            |    44 |       |       |       ||    44
       Trident           |    86 |    89 |   421 |    43 ||   639
       Punch             |       |       |     4 |       ||     4
       Unarmed           |       |       |     1 |       ||     1
Throw: Large rock        |       |       |    17 |       ||    17
       Boomerang         |       |       |    19 |       ||    19
       Javelin           |       |       |     1 |       ||     1
 Cast: Blink             |       |       |     1 |       ||     1
Evoke: Wand              |       |     2 |    16 |     2 ||    20
  Use: Scroll            |     1 |     7 |     3 |    10 ||    21
       Potion            |     1 |       |     5 |     8 ||    14
 Stab: Sleeping          |     4 |     7 |       |       ||    11
       Paralysed         |       |     5 |     2 |       ||     7
Armor: Robe              |    70 |    16 |    18 |       ||   104
       Fire dragon scale |       |       |   288 |    50 ||   338
       Skin              |       |       |     3 |    50 ||    53
Dodge: Dodged            |    74 |    16 |   173 |    11 ||   274
Block: Other             |       |       |    63 |    21 ||    84
       Reflection        |       |       |     4 |     1 ||     5
